 Dungeon Crawl Stone Soup version 0.31.0-32-g396128a36d (webtiles) character file.

Game seed: 5788265900074153155

5304 mparten the Geomancer (level 10, -9/50 HPs)
             Began as a Gargoyle Earth Elementalist on Mar 31, 2024.
             Mangled by a yak (12 damage)
             ... on level 8 of the Dungeon.
             The game lasted 00:28:35 (10629 turns).

mparten the Geomancer (GrEE)                       Turns: 10629, Time: 00:28:36

Health: -9/50      AC: 11    Str: 13    XL:     10   Next: 63%
Magic:  4/21       EV: 16    Int: 19    God:
Gold:   483        SH:  0    Dex: 10    Spells: 20/24 levels left

rFire   . . .        f - +2 mace (holy)
rCold   . . .        (no shield)
rNeg    + + .        a - +0 robe
rPois   ∞            (no helmet)
rElec   +            (no cloak)
rCorr   .            c - +0 pair of gloves
SInv    .            q - +0 pair of boots
Will    .....        (no amulet)
Stlth   +++          B - ring of positive energy
HPRegen 0.28/turn    m - +5 ring of evasion
MPRegen 0.17/turn

%: no passive effects
@: no status effects
A: sickness immunity, AC +7, negative energy resistance 1, electricity
resistance, torment resistance 1, petrification resistance
a: no special abilities


You were on level 8 of the Dungeon.
You visited 2 branches of the dungeon, and saw 11 of its levels.
You also visited: Sewer.

You collected 483 gold pieces.

Inventory:

Hand Weapons
 f - a +2 mace of holy wrath (weapon)
 I - a +2 dire flail of protection
Armour
 a - a +0 robe (worn)
 c - a +0 pair of gloves (worn)
 q - a +0 pair of boots (worn)
Jewellery
 g - a ring of flight
 m - a +5 ring of evasion (right hand)
 B - a ring of positive energy (left hand)
Wands
 y - a wand of flame (7)
 C - a wand of light (9)
Scrolls
 d - a scroll of poison {unknown}
 e - 2 scrolls of fog
 i - a scroll of brand weapon {unknown}
 k - a scroll of noise {unknown}
 l - a scroll of torment {unknown}
 n - 4 scrolls of enchant armour
 p - 2 scrolls of blinking
 r - a scroll of revelation {unknown}
 v - a scroll of enchant weapon {unknown}
 w - a scroll of fear {unknown}
 x - a scroll of silence {unknown}
 z - 2 scrolls of teleportation
Potions
 b - 3 potions of brilliance
 h - a potion of lignification {unknown}
 o - 3 potions of heal wounds
 s - a potion of mutation {unknown}
 t - 3 potions of haste
 u - 2 potions of berserk rage {unknown}
 A - 2 potions of enlightenment
 D - 2 potions of might
 F - a potion of attraction {unknown}
 G - a potion of degeneration {unknown}
 H - a potion of magic


   Skills:
 - Level 1.5 Dodging
 + Level 7.5 Stealth
 * Level 7.9 Spellcasting
 * Level 9.0 Conjurations
 * Level 10.5 Earth Magic


You had 20 spell levels left.
You knew the following spells:

 Your Spells              Type           Power      Damage    Failure   Level
a - Sandblast             Erth           94%        2d19      1%          1
b - Stone Arrow           Conj/Erth      88%        3d12      1%          3

Your spell library contained the following spells:

 Spells                   Type           Power      Damage    Failure   Level
 Foxfire                  Conj/Fire      96%        2x1d8     1%          1
 Passwall                 Erth           47%        N/A       1%          3
 Brom's Barrelling Bould  Conj/Erth      44%        2d6       1%          4
 Hailstorm                Conj/Ice       24%        3d7       4%          3
 Summon Small Mammal      Summ           28%        N/A       10%         1
 Petrify                  Alch/Erth      27%        N/A       11%         4
 Ensorcelled Hibernation  Hex/Ice        14%        N/A       14%         2
 Call Canine Familiar     Summ           7%         N/A       28%         3
 Sigil of Binding         Hex            7%         N/A       28%         3
 Summon Ice Beast         Ice/Summ       7%         N/A       28%         3
 Swiftness                Air            7%         N/A       28%         3
 Irradiate                Conj/Alch      12%        3d15      36%         5
 Dimensional Bullseye     Hex/Tloc       3%         N/A       67%         4
 Summon Blazeheart Golem  Fire/Summ      7%         N/A       67%         4
 Starburst                Conj/Fire      12%        6d5       91%         6
 Plasma Beam              Fire/Air       3%         2x1d13    100%        6
 Sculpt Simulacrum        Ice/Alch       3%         N/A       100%        6
 Sublimation of Blood     Necr           Unusable   N/A       N/A         2

Dungeon Overview and Level Annotations

Branches:
Dungeon (10/15)            Temple (1/1) D:5           Sewer (visited)
   Lair: D:8-11         Orc: D:9-12

Altars:
Ashenzari
Cheibriados
Dithmenos
Elyvilon
Fedhas
Gozag
Hepliaklqana
Kikubaaqudgha
Makhleb
Nemelex Xobeh
Okawaru
Qazlal
Ru
Trog
Uskayaw
Wu Jian
Xom
Yredelemnul
Zin
The Shining One

Shops:
D:3 (*(

Annotations:
D:1 1 runed translucent door


Innate Abilities, Weirdness & Mutations

You are immune to sickness and miasma.
Your stone body is resilient. (AC +7)
You are immune to poison.
You resist negative energy. (rN+)
You are resistant to electric shocks. (rElec)
You are resistant to unholy torment.
You are immune to petrification.


Message History

Press: ? - help, Q - select action, (/) - cycle Shift-Dir - straight line, f - yak
Aim: a yak (81% to hit)
The puff of flame hits the yak.
The yak is lightly wounded.
The yak gores you.
* * * LOW HITPOINT WARNING * * *
You take 1 damage, and have 8/50 hp.
Aiming: Bolt of Light
Press: ? - help, Q - select action, (/) - cycle Shift-Dir - straight line, f/p - yak
Aim: a yak (lightly wounded, 83% to hit)
The bolt of light misses the yak.
The yak closely misses you.
As you read the scroll of fog, it dissolves into smoke.
The yak gores you but does no damage.
Casting: Stone Arrow (safe; 1% risk of failure)
Confirm with . or Enter, or press ? or * to list all spells.
Aiming: Stone Arrow (safe; 1% risk of failure)
Press: ? - help, Shift-Dir - straight line, f/p - yak
Aim: a yak (black smoke, lightly wounded, 85% to hit)
The stone arrow misses the yak.
The yak gores you!
* * * LOW HITPOINT WARNING * * *
You take 7 damage, and have 2/50 hp.
You now have 10/21 mp.
Casting: Stone Arrow (safe; 1% risk of failure)
Confirm with . or Enter, or press ? or * to list all spells.
Aiming: Stone Arrow (safe; 1% risk of failure)
Press: ? - help, Shift-Dir - straight line, f/p - yak
Aim: a yak (black smoke, lightly wounded, 85% to hit)
The stone arrow hits the yak!!
The yak is heavily wounded.
The yak misses you.
You now have 7/21 mp.
Casting: Stone Arrow (safe; 1% risk of failure)
Confirm with . or Enter, or press ? or * to list all spells.
Aiming: Stone Arrow (safe; 1% risk of failure)
Press: ? - help, Shift-Dir - straight line, f/p - yak
Aim: a yak (black smoke, heavily wounded, 85% to hit)
The stone arrow hits the yak!
The yak is almost dead.
The yak gores you!
You die...

<.# #..........#
#............
#.#####)########.#
#.####....... #.......#
#.# #.# ######## #######.#
#.# #.#
........########§####.####
########......§§§§§......#
#.######§§#######.# #.#
#§Y# #.#
#.######§@#######.#
#.#....§§§§....##.#
#.#.####§§###...#.########
#.#.# #..##..............
#.#.# #..##....#.########
#.#.# #..##......# #.#.#
#..##.###..# ########.#.#
#.....# #..# .....[...#.#
##.##.###.##


You could see a yak.

Vanquished Creatures
  Joseph (D:8)
  A troll (D:9)
  4 yaks
  A wyvern (D:7)
  2 steam dragons
  A water moccasin (D:7)
  Pargi (Sewer)
  An orc warrior (D:9)
  3 sky beasts
  4 ice beasts
  2 centaurs (D:9)
  2 ogres
  3 phantoms
  4 kobold brigands
  4 bullfrogs
  2 brain worms (Sewer)
  3 scorpions
  8 killer bees (D:8)
  11 howler monkeys
  2 jellies
  3 hounds
  An orc priest (D:6)
  2 sleepcaps
  An iguana (D:4)
  8 orc wizards
  4 gnolls (D:4)
  A river rat (D:4)
  6 adders
  4 dart slugs
  2 ribbon worms (D:2)
  30 orcs
  6 bats
  10 endoplasms
  5 giant cockroaches
  3 goblins
  3 hobgoblins
  7 jackals
  5 quokkas
  10 ball pythons
  4 frilled lizards
  36 kobolds
  12 rats
223 creatures vanquished.

Notes
Turn   | Place    | Note
-------+----------+-------------------------------------------
     0 | D:1      | mparten the Gargoyle Earth Elementalist began the quest for
                  | the Orb.
     0 | D:1      | Reached XP level 1. HP: 10/10 MP: 3/3
     1 | D:1      | Found a runed translucent door.
     1 | D:1      | Noticed a jelly
   160 | D:1      | Reached XP level 2. HP: 15/15 MP: 0/5
   387 | D:1      | Reached skill level 4 in Earth Magic
   668 | D:1      | Reached XP level 3. HP: 19/19 MP: 3/6
  1242 | D:2      | Found a faded altar of an unknown god.
  1919 | D:3      | Reached XP level 4. HP: 24/24 MP: 5/7
  1920 | D:3      | Found Tiejirr's Weapon Shoppe.
  2256 | D:3      | Found Vieleruk's Assorted Antiques.
  2320 | D:3      | Reached XP level 5. HP: 14/28 MP: 3/9
  2473 | D:3      | Found Uclaleso's Antique Weapon Shoppe.
  2607 | D:3      | Noticed a phantom
  2614 | D:3      | Killed a phantom
  2615 | D:3      | Reached skill level 5 in Earth Magic
  3078 | D:4      | Reached XP level 6. HP: 32/32 MP: 7/10
  3337 | D:4      | Found a glowing drain.
  3345 | Sewer    | Entered a sewer
  3451 | Sewer    | Noticed Pargi
  3456 | Sewer    | Killed Pargi
  3519 | Sewer    | Reached XP level 7. HP: 36/36 MP: 8/12
  3588 | Sewer    | Reached skill level 6 in Earth Magic
  3935 | D:4      | Learned a level 3 spell: Stone Arrow
  4609 | D:5      | Entered Level 5 of the Dungeon
  4646 | D:5      | Reached skill level 5 in Conjurations
  4646 | D:5      | Reached XP level 8. HP: 41/41 MP: 7/14
  5036 | D:5      | Found a staircase to the Ecumenical Temple.
  5045 | Temple   | Entered the Ecumenical Temple
  5129 | D:5      | Reached skill level 5 in Spellcasting
  5129 | D:5      | Reached skill level 7 in Earth Magic
  5669 | D:6      | Reached skill level 5 in Stealth
  6010 | D:6      | Noticed a yak
  6011 | D:6      | Noticed a yak
  6011 | D:6      | Noticed a yak
  6015 | D:6      | Killed a yak
  6029 | D:6      | Killed a yak
  6030 | D:6      | Reached skill level 8 in Earth Magic
  6030 | D:6      | Reached XP level 9. HP: 26/45 MP: 0/17
  6929 | D:7      | You are sucked into a shaft and drop 3 floors!
  6929 | D:10     | Entered Level 10 of the Dungeon
  7079 | D:7      | Reached skill level 9 in Earth Magic
  8309 | D:8      | Reached XP level 10. HP: 37/50 MP: 11/20
  8580 | D:8      | Noticed Joseph
  9042 | D:8      | Killed Joseph
  9043 | D:8      | Reached skill level 10 in Earth Magic
 10627 | D:8      | HP: 2/50 [yak (7)]
 10629 | D:8      | Mangled by a yak

Illustrated notes

Levels and vault maps discovered:
D:1:      dpeg_arrival_caged_fury, layout_rooms
D:2:      layout_loops_ring, shapermc_ecumenical_altar_ellora, roderic_lattice_a
D:3:      layout_basic, serial_shops, shop, nicolae_shop_tiny_waterfront, shop,
          hex_intersection
D:4:      layout_cave_pods, portal_sewer_entry_b
D:5:      layout_cave_pools, minmay_temple_entry_mist
D:6:      layout_basic
D:7:      layout_loops_ring
D:8:      layout_loops_ring, uniq_joseph
D:9:      layout_stronghold, hellmonk_sif_muna_bookshelves
D:10:     layout_irregular_city, nicolae_vehumet_altar_sigil,
          hellmonk_lair_entry_icy, minmay_orc_entry_guard_dogs, serial_shops,
          nicolae_shop_trees, hellmonk_guarded_unrand_cigotuvi
Temple:   mainiacjoe_temple_cubbyholes

Skill      XL: |  1  2  3  4  5  6  7  8  9 10 |
---------------+-------------------------------+-----
Earth Magic    | 4 5 6 8 9 10 | 10.5
Conjurations   | 2 3 4 5 6 8 9 |  9.0
Stealth        | 3 4 5 6 7 |  7.5
Spellcasting   | 3 4 5 7 |  7.9
Dodging        | |  1.5

Action                     |  1- 3 |  4- 6 |  7- 9 | 10-12 || total
---------------------------+-------+-------+-------+-------++-------
  Melee: Unarmed           |    20 |       |       |       ||    20
         Short sword       |     8 |    21 |       |       ||    29
         Mace              |       |       |    59 |    14 ||    73
   Cast: Sandblast         |    66 |    75 |    49 |    16 ||   206
         Stone Arrow       |       |       |   102 |    65 ||   167
  Evoke: Wand              |       |       |       |     2 ||     2
    Use: Potion            |       |     1 |     6 |     1 ||     8
         Scroll            |       |       |     3 |     7 ||    10
 Armour: Robe              |    38 |    49 |    81 |    48 ||   216
  Dodge: Dodged            |    44 |    43 |    87 |    55 ||   229
